 Dungeon Crawl Stone Soup version 0.20.0-15-g7f486f2 (webtiles) character file.

26 Chiseanne the Magician (level 2, 0/19 HPs)
             Began as a Demonspawn Wizard on June 15, 2017.
             Slain by a gnoll
             ... wielding a +0 whip of freezing
              (6 damage)
             ... on level 1 of the Dungeon.
             The game lasted 00:01:48 (1213 turns).

Chiseanne the Magician (Demonspawn Wizard)          Turns: 1213, Time: 00:01:48

Health: 0/19       AC:  4    Str:  7    XL:     2   Next: 89%
Magic:  0/6        EV: 11    Int: 19    God:
Gold:   41         SH:  0    Dex: 11    Spells: 6/7 levels left

rFire    . . .     SeeInvis .   j - +0 spear
rCold    . . .     Gourm    .   (no shield)
rNeg     . . .     Faith    .   k - +1 leather armour {rPois}
rPois    +         Spirit   .   b - +0 hat
rElec    .         Reflect  .   n - scarf {repulsion}
rCorr    .         Harm     .   (no gloves)
MR       .....                  (no boots)
Stlth    +.........             (no amulet)
Regen    0.1/turn               (no ring)
MPRegen  0.1/turn               (no ring)

@: repel missiles
A: spiny 1
a: no special abilities


You were on level 1 of the Dungeon.
You were not hungry.

You visited 1 branch of the dungeon, and saw 2 of its levels.

You collected 41 gold pieces.

Inventory:

Hand Weapons
 h - a +0 club
 j - a +0 spear (weapon)
Missiles
 a - 39 arrows
 g - 21 stones (quivered)
Armour
 b - a +0 hat (worn)
 i - a +0 buckler
 k - a +1 leather armour of poison resistance (worn)
 n - a scarf of repulsion (worn)
Scrolls
 e - 3 scrolls of identify {unknown}
 f - a scroll of fog {unknown}
 l - a scroll of teleportation {unknown}
 p - a scroll of noise {unknown}
 q - a scroll of remove curse {unknown}
 s - a scroll of fear {unknown}
Potions
 m - a potion of brilliance {unknown}
Books
 c - a book of Minor Magic

   Spells                             Type                      Level
   a - Magic Dart                     Conjuration                  1
   b - Blink                          Translocation                2
   c - Call Imp                       Summoning                    2
   d - Slow                           Hexes                        2
   e - Conjure Flame                  Conjuration/Fire             3
   f - Mephitic Cloud                 Conjuration/Poison/Air       3
Comestibles
 d - 3 bread rations
 o - 3 fruits
 r - 4 chunks of flesh


   Skills:
 - Level 1.7 Dodging
 - Level 1.7 Stealth
 * Level 3.4 Spellcasting
 * Level 2.2 Conjurations
   Level 1.0 Summonings
   Level 0.8 Translocations


You had 6 spell levels left.
You knew the following spells:

 Your Spells              Type           Power        Failure   Level  Hunger
a - Magic Dart            Conj           ##..         9%          1    None


Dungeon Overview and Level Annotations

Branches:
Dungeon (2/15)

Altars:


Innate Abilities, Weirdness & Mutations

You are partially covered in sharp spines.


Message History

Aiming: Magic Dart
Press: ? - help, Shift-Dir - straight line, f/p - gnoll
Aim: a gnoll, wielding a whip of freezing (heavily wounded)
The magic dart hits the gnoll.
The gnoll is heavily wounded.
The bat closely misses you. The gnoll is struck by your spines.
The gnoll barely misses you.
Casting: Magic Dart
Confirm with . or Enter, or press ? or * to list all spells.
You don't have enough magic to cast that spell.
Casting: Magic Dart
Confirm with . or Enter, or press ? or * to list all spells.
You don't have enough magic to cast that spell.
The gnoll hits you with a whip of freezing.
The gnoll freezes you. The bat hits you but does no damage.
Your magical contamination has completely faded away.
The bat is struck by your spines. The bat barely misses you.
The gnoll is struck by your spines.
The gnoll hits you with a whip of freezing.
You die...

≈≈≈§§#..#§§≈≈≈#.....#
≈≈≈≈§≈..≈≈§§≈≈#.....#
#≈≈≈§≈..§≈≈≈≈##.....#
#§≈§#≈..≈#≈≈≈##.....#
##§§§≈..≈§≈≈###.#####
###§≈..≈≈### #.# #
####''#######.#
#.#g..........#####
#.@b>..............
#.#..##############
#.#..#..........#
#.#..#..........#
#.#..#..........##
#.#..............#
#.##.#.......)...#
#.##.####....#...#
#.##.####.##.#.###


You could see a gnoll and a bat.

Vanquished Creatures
  A leopard gecko (D:1)
  A ball python (D:1)
  3 bats
  2 giant cockroaches (D:1)
  4 goblins
  3 hobgoblins (D:1)
  3 kobolds (D:1)
  2 frilled lizards (D:1)
  2 rats (D:1)
21 creatures vanquished.

Notes
Turn   | Place    | Note
-------+----------+-------------------------------------------
     0 | D:1      | Chiseanne the Demonspawn Wizard began the quest for the Orb.
     0 | D:1      | Reached XP level 1. HP: 13/13 MP: 4/4
   367 | D:1      | Gained mutation: You are partially covered in sharp spines. [demonic ancestry]
   367 | D:1      | Reached XP level 2. HP: 12/19 MP: 1/6
  1213 | D:1      | Slain by a gnoll

Skill      XL: |  1  2 |
---------------+-------+-----
Conjurations   | 2 |  2.2
Dodging        | |  1.7
Stealth        | |  1.7
Spellcasting   | |  3.4
Summonings     | |  1.0
Translocations | |  0.8

Action                   || total
-------------------------++-------
Melee: Spear             ||    48
 Cast: Magic Dart        ||    31
 Stab: Sleeping          ||     1
  Eat: Chunk             ||     1
Armor: Leather armour    ||    11
       Robe              ||     1
Dodge: Dodged            ||    27
       Deflected         ||     1
